Map: Pillars of Gold LE

Players

SKillous - Winner!

  • Race: Protoss Protoss
  • League: Grandmaster
  • Spawn Location: 7:00

Rail

  • Race: Protoss Protoss
  • League: Master
  • Spawn Location: 1:00

Event: DreamHack SC2 Masters 2020 Winter

VOD

Have the link to the VOD?

Description

Time

  • Played on: Nov. 4, 2020, 12:18 p.m.
  • Length: 10:20

All games in this series

Show
View Real Time Build Order
Export as new Build Order

SKillous Protoss - Winner!

Build Orders: Colossus Rush 

Get SALT Encoding   

  12  0:00  Probe  
  13  0:12  Probe  
  14  0:18  Pylon  
  14  0:24  Probe (Chrono Boost)  
  15  0:36  Probe (Chrono Boost)  
  15  0:38  Gateway  
  16  0:45  Probe (Chrono Boost)  
  16  0:47  Assimilator  
  17  0:51  Probe  
  17  0:56  Assimilator  
  18  1:03  Probe (Chrono Boost)  
  19  1:12  Probe (Chrono Boost)  
  19  1:14  Gateway  
  19  1:17  Probe (Chrono Boost)  
  21  1:27  Cybernetics Core  
  21  1:31  Probe  
  22  1:39  Pylon  
  22  1:43  Probe  
  23  1:57  Probe  
  24  2:03  Adept  
  24  2:04  Adept  
  24  2:05  Warp Gate  
  28  2:16  Pylon  
  28  2:33  Adept  
  28  2:34  Adept  
  32  2:53  Nexus  
  32  3:03  Adept x2  
  36  3:07  Probe  
  35  3:19  Probe  
  33  3:31  Probe (Chrono Boost)  
  34  3:35  Pylon  
  35  3:43  Probe (Chrono Boost)  
  35  3:48  Probe (Chrono Boost)  
  35  3:53  Adept x2  
  40  3:57  Probe (Chrono Boost)  
  40  3:59  Robotics Facility  
  41  4:07  Probe (Chrono Boost)  
  43  4:10  Probe (Chrono Boost)  
  43  4:20  Sentry x2  
  43  4:22  Probe (Chrono Boost)  
  43  4:23  Probe (Chrono Boost)  
  49  4:30  Probe (Chrono Boost)  
  50  4:35  Probe x2 (Chrono Boost)  
  52  4:46  Probe x2  
  52  4:47  Forge  
  52  4:51  Immortal (Chrono Boost)  
  58  4:58  Probe  
  58  4:59  Probe  
  60  5:03  Pylon  
  60  5:10  Probe  
  60  5:13  Probe  
  62  5:17  Gateway  
  62  5:19  Colossus (Chrono Boost)  
  62  5:20  Protoss Ground Weapons Level 1  
  62  5:22  Sentry x2  
  62  5:24  Pylon  
  66  5:28  Warp Prism (Chrono Boost)  
  66  5:33  Probe  
  66  5:35  Probe  
  70  5:39  Twilight Council  
  70  5:41  Assimilator  
  70  5:46  Sentry x2  
  70  5:47  Probe  
  70  5:48  Probe  
  76  5:51  Assimilator  
  76  5:54  Pylon  
  76  5:59  Probe  
  75  6:12  Immortal  
  75  6:14  Blink (Chrono Boost)  
  75  6:16  Probe  
  75  6:17  Probe  
  81  6:21  Pylon  
  81  6:27  Stalker x2  
  83  6:36  Stalker  
  81  6:48  Immortal (Chrono Boost)  
  81  6:52  Stalker, Sentry  
  85  6:55  Probe  
  85  6:58  Gateway  
  85  6:59  Stalker  
  88  7:01  Gateway  
  88  7:03  Gateway  
  78  7:24  Protoss Ground Weapons Level 2 (Chrono Boost)  
  78  7:27  Stalker x3  
  84  7:35  Observer  
  85  7:39  Nexus  
  85  7:41  Pylon  
  85  7:51  Stalker x3  
  91  8:02  Probe x2  
  93  8:08  Stalker x3  
  93  8:11  Shield Battery  
  99  8:13  Charge, Pylon  
  99  8:25  Stalker  
  101  8:28  Pylon  
  101  8:30  Pylon  
  101  8:39  Shield Battery  
  101  8:40  Shield Battery  
  101  8:41  Shield Battery  
  101  8:54  Stalker x3  
  107  8:59  Stalker  
  111  9:06  Stalker x2  
  113  9:17  Stalker x2  
  113  9:18  Stalker  
  119  9:24  Stalker  
  119  9:28  Pylon  
  112  9:45  Stalker x2  
  112  9:46  Stalker x3  
  114  10:03  Stalker  
Show
View Real Time Build Order
Export as new Build Order

Rail Protoss 

Build Orders: Phoenix Opening 

Get SALT Encoding   

  12  0:00  Probe  
  13  0:12  Probe  
  14  0:18  Pylon  
  14  0:24  Probe (Chrono Boost)  
  15  0:37  Probe (Chrono Boost)  
  15  0:39  Gateway  
  16  0:45  Probe (Chrono Boost)  
  16  0:48  Assimilator  
  17  0:51  Probe  
  17  0:56  Assimilator  
  18  1:03  Probe (Chrono Boost)  
  19  1:10  Gateway  
  19  1:13  Probe (Chrono Boost)  
  20  1:18  Probe  
  21  1:26  Cybernetics Core  
  21  1:30  Probe  
  22  1:36  Pylon  
  22  1:43  Probe  
  23  1:55  Probe  
  23  2:01  Warp Gate (Chrono Boost)  
  24  2:03  Adept x2  
  28  2:09  Probe  
  28  2:14  Pylon  
  29  2:33  Sentry  
  29  2:34  Sentry  
  33  2:43  Nexus  
  33  2:49  Shield Battery  
  33  3:03  Shield Battery  
  27  3:05  Stalker  
  33  3:09  Probe  
  35  3:17  Stalker  
  35  3:29  Gateway  
  35  3:31  Probe  
  35  3:32  Robotics Facility  
  34  3:38  Phoenix  
  34  3:43  Shield Battery  
  34  3:47  Robotics Facility  
  34  3:50  Forge  
  34  3:52  Twilight Council  
  34  3:53  Probe (Chrono Boost)  
  34  3:55  Probe (Chrono Boost)  
  37  4:04  Probe (Chrono Boost)  
  37  4:06  Probe (Chrono Boost)  
  37  4:08  Stalker, Probe (Chrono Boost)  
  41  4:17  Stalker  
  41  4:22  Probe  
  44  4:27  Probe  
  43  4:36  Immortal  
  47  4:43  Protoss Ground Weapons Level 1, Probe (Chrono Boost)  
  48  4:49  Pylon, Probe (Chrono Boost)  
  49  4:53  Robotics Bay  
  49  4:55  Probe (Chrono Boost)  
  50  5:00  Shield Battery  
  50  5:04  Probe (Chrono Boost)  
  50  5:05  Probe (Chrono Boost)  
  52  5:12  Probe  
  53  5:14  Probe  
  53  5:17  Gateway  
  53  5:18  Assimilator  
  53  5:19  Observer  
  55  5:21  Charge  
  55  5:26  Pylon  
  55  5:29  Gateway  
  55  5:30  Probe  
  55  5:34  Pylon  
  55  5:35  Probe  
  57  5:40  Warp Prism (Chrono Boost)  
  59  5:52  Probe  
  59  5:53  Pylon  
  60  5:57  Zealot x2  
  70  6:11  Sentry  
  70  6:15  Pylon  
  72  6:19  Shield Battery  
  72  6:24  Stalker, Adept  
  76  6:28  Shield Battery  
  76  6:30  Sentry  
  78  6:34  Probe  
  78  6:39  Gateway  
  71  6:41  Sentry  
  71  6:44  Photon Cannon  
  71  6:47  Sentry  
  75  6:52  Zealot  
  75  6:53  Zealot  
  77  6:56  Blink (Chrono Boost)  
  77  7:00  Assimilator, Gateway x2  
  77  7:11  Stalker  
  72  7:18  Stalker x2  
  72  7:20  Probe  
  76  7:26  Stalker  
  76  7:27  Gateway  
  76  7:28  Probe  
  79  7:32  Gateway  
  79  7:34  Robotics Facility  
  79  7:39  Stalker  
  81  7:54  Pylon  
  81  7:56  Pylon  
  81  8:02  Observer  
  81  8:06  Stalker x2, Pylon  
  81  8:12  Stalker x2, Phoenix  
  89  8:17  Stalker x2  
  93  8:22  Observer  
  94  8:31  Stalker x2  
  98  8:42  Stalker  
  95  8:54  Stalker x3  
  101  8:55  Sentry  
  101  9:00  Stalker  
  105  9:04  Pylon  
  105  9:20  Stalker x3  
  105  9:21  Stalker  
  113  9:26  Stalker  
  113  9:28  Stalker  
  95  9:46  Stalker x3  
  69  10:02  Stalker x2  
  69  10:04  Stalker  
Tags
 
Add a new tag
Caveats
  • Supply blocks, unpowered buildings, or Contaminate may cause inaccurate times.
  • Supply counts are checked every 10 seconds.